 Dungeon Crawl Stone Soup version 0.27-a0-412-g8dd771eca2 (webtiles) character file.

Game seed: 5061119787265064209

387 Chiseanne the Skirmisher (level 6, 0/52 HPs)
             Began as a Demonspawn Wanderer on Feb 24, 2021.
             Succumbed to a worker ant's poison
             ... on level 5 of the Dungeon.
             The game lasted 00:04:04 (4586 turns).

Chiseanne the Skirmisher (Demonspawn Wanderer)      Turns: 4586, Time: 00:04:05

Health: 0/52       AC: 11    Str: 13    XL:     6   Next: 49%
Magic:  6/6        EV: 12    Int: 14    God:
Gold:   139        SH:  0    Dex: 13    Spells: 5/5 levels left

rFire    . . .     SeeInvis .   a - +3 spear
rCold    . . .     Faith    .   (no shield)
rNeg     . . .     Spirit   .   c - +0 ring mail
rPois    .         Reflect  .   u - +1 helmet
rElec    .         Harm     .   (no cloak)
rCorr    .         Rampage  .   h - +1 pair of gloves
Will     .....                  q - +0 pair of boots
Stlth    +.........             (no amulet)
HPRegen  0.17/turn              (no ring)
MPRegen  0.10/turn              (no ring)

@: mighty, brilliant, lethally poisoned (0 -> -6), flying
A: demonic guardian 1, foul stench 1
a: no special abilities


You were on level 5 of the Dungeon.
You visited 2 branches of the dungeon, and saw 6 of its levels.

You collected 139 gold pieces.

Inventory:

Hand Weapons
 a - a +3 spear (weapon)
Missiles
 d - a throwing net
 e - 78 stones
 l - 2 boomerangs (quivered)
 m - 12 poisoned darts
 o - 66 arrows
Armour
 c - a +0 ring mail (worn)
 h - a +1 pair of gloves (worn)
 q - a +0 pair of boots (worn)
 u - a +1 helmet (worn)
Scrolls
 k - a scroll of enchant armour
 n - a scroll of identify
 p - a scroll of enchant weapon
 s - a scroll of fog
 t - a scroll of immolation
Potions
 b - a potion of lignification
 f - 2 potions of haste
 g - 3 potions of might
 i - a potion of heal wounds {unknown}
 j - a potion of brilliance


   Skills:
 * Level 6.2 Fighting
 - Level 3.6 Armour
 * Level 4.1 Dodging
 - Level 1.7 Stealth


You had 5 spell levels left.
You didn't know any spells.
Your spell library was empty.

Dungeon Overview and Level Annotations

Branches:
Dungeon (5/15)             Temple (1/1) D:4

Altars:
Ashenzari
Cheibriados
Dithmenos
Elyvilon
Fedhas
Hepliaklqana
Okawaru
Qazlal
Ru
Sif Muna
Uskayaw
Vehumet
Wu Jian
Xom
Yredelemnul
Zin


Innate Abilities, Weirdness & Mutations

A weak demonic guardian rushes to your aid.
You may rarely emit foul miasma when damaged in melee.


Message History

You are too injured to fight recklessly!
You are too injured to fight recklessly!
You are too injured to fight recklessly!
You are too injured to fight recklessly!
You are too injured to fight recklessly!
You are too injured to fight recklessly!
You are too injured to fight recklessly!
You are too injured to fight recklessly!
You are too injured to fight recklessly!
You are too injured to fight recklessly!
You are too injured to fight recklessly!
You are too injured to fight recklessly!
You are too injured to fight recklessly!
You are too injured to fight recklessly!
You are too injured to fight recklessly!
You are too injured to fight recklessly!
You feel sick. The centaur zombie hits you.
* * * LOW HITPOINT WARNING * * *
A demonic guardian appears!
* * * LOW HITPOINT WARNING * * *
You feel sick.
* * * LOW HITPOINT WARNING * * *
You feel sick.
It was a potion of might.
You feel very mighty all of a sudden.
* * * LOW HITPOINT WARNING * * *
You feel sick.
Your shadow imp hits the centaur zombie.
The phantom closely misses you.
It was a potion of brilliance.
You feel clever all of a sudden.
Your shadow imp hits the centaur zombie.
The hound bites you but does no damage. The phantom hits you.
* * * LOW HITPOINT WARNING * * *
The phantom blinks!
You blink.
An adder and an orc wizard come into view.
It was a potion of flight.
You feel very buoyant.
You fly up into the air.
You die...

#...##....# ....
..........# ....#
..........## ......
...... ...## #.....
.....##...# .o....#
..#......# S......##
##.###...### .
........###..###.§.####.
.......@W##.............
............###.#.......
###.......h§.##>##......
##.....Z§####....<....
#.....5B###..........
#....(.B#.B..###.....
#.........B...####.#.
#........#....# #.#
.......###......##$#


You could see a phantom, a hound, 2 worker ants, an orc wizard (wandering), an
adder (wandering), a centaur zombie (ally target) and a friendly shadow imp
(summoned).

Vanquished Creatures
  A centaur (D:3)
  A phantom (D:4)
  A scorpion (D:4)
  A howler monkey (D:4)
  A hound (D:4)
  5 adders
  2 oozes
  An adder skeleton (D:4)
  3 dart slugs
  2 leopard geckos
  A ball python (D:2)
  2 giant cockroaches
  5 hobgoblins
  9 jackals
  4 quokkas
  8 bats
  3 frilled lizards
  2 goblins
  5 kobolds
  8 rats
65 creatures vanquished.

Vanquished Creatures (collateral kills)
  A rat (D:3)
1 creature vanquished.

Grand Total: 66 creatures vanquished

Notes
Turn   | Place    | Note
-------+----------+-------------------------------------------
     0 | D:1      | Chiseanne the Demonspawn Wanderer began the quest for the
                  | Orb.
     0 | D:1      | Chiseanne set off with the following items: a +2 spear, a
                  | potion of lignification, a +0 ring mail, a +0 dagger
     0 | D:1      | Reached XP level 1. HP: 19/19 MP: 1/1
   169 | D:1      | Gained mutation: A weak demonic guardian rushes to your
                  | aid. [demonic ancestry]
   169 | D:1      | Reached XP level 2. HP: 22/25 MP: 2/2
   216 | D:1      | Reached skill level 1 in Dodging
  1067 | D:2      | Found a shimmering altar of Xom.
  1074 | D:2      | Reached XP level 3. HP: 29/31 MP: 3/3
  1245 | D:2      | Found a shadowy altar of Dithmenos.
  1955 | D:3      | Noticed a centaur
  1966 | D:3      | Killed a centaur
  1967 | D:3      | Reached skill level 5 in Fighting
  1967 | D:3      | Gained mutation: You may rarely emit foul miasma when
                  | damaged in melee. [demonic ancestry]
  1967 | D:3      | Reached XP level 4. HP: 23/39 MP: 4/4
  2108 | D:3      | Reached XP level 5. HP: 39/44 MP: 5/5
  2200 | D:3      | Found a glowing silver altar of Zin.
  3180 | D:3      | Found a blossoming altar of Fedhas.
  3485 | D:4      | Found a staircase to the Ecumenical Temple.
  3495 | D:4      | Reached XP level 6. HP: 38/52 MP: 6/6
  3504 | Temple   | Entered the Ecumenical Temple
  4165 | D:4      | Reached skill level 6 in Fighting
  4562 | D:5      | Entered Level 5 of the Dungeon
  4585 | D:5      | HP: 1/52 [phantom (5)]
  4586 | D:5      | Succumbed to a worker ant's poison

Illustrated notes

Levels and vault maps discovered:
D:1:      giann_bridges, layout_loops_corners,
          hangedman_abyss_or_decor_lesser_grid, minmay_misc_feat_secret_circle
D:2:      layout_loops_corners, lemuel_doored_altar,
          nicolae_dithmenos_shadow_blocks
D:3:      layout_basic, zin_statuary, grunt_ministairs_10, fedhas_altar_4
D:4:      layout_basic, minmay_temple_entry_hall
D:5:      layout_cave_pools, lemuel_round_altar, serial_column_ruins,
          column_ruins_square_medium, column_ruins_columns_straight,
          column_ruins_columns_dead_end, column_ruins_corridor_straight,
          column_ruins_open_medium
Temple:   oiseaux_autumnal_temple

Skill      XL: |  1  2  3  4  5  6 |
---------------+-------------------+-----
Dodging        | 1 2 3 4 |  4.1
Fighting       | 5 6 |  6.2
Armour         | |  3.6
Stealth        | |  1.7

Action                   |  1- 3 |  4- 6 || total
-------------------------+-------+-------++-------
Melee: Spear             |   112 |   169 ||   281
  Use: Scroll            |     5 |       ||     5
       Potion            |       |     3 ||     3
 Stab: Sleeping          |     2 |       ||     2
Armor: Ring mail         |    35 |    66 ||   101
Dodge: Dodged            |    63 |   114 ||   177

Table legend: (Time is in decaauts)
 A = Elapsed time spent in this place.
 B = Non-inter-level travel time spent in this place.
 C = Inter-level travel time spent in this place.
 D = Time resting spent in this place.
 E = Time spent auto-exploring this place.
 F = Levels seen in this place.
 G = Mean time per level.
                   A        B        C        D        E       F      G
               +--------+--------+--------+--------+--------+-----+--------+
         Total |   4624 |   4452 |    172 |    792 |   3110 |   6 |  770.7 |
       Dungeon |   4167 |   4033 |    134 |    792 |   2692 |   5 |  833.4 |
        Temple |    457 |    419 |     38 |      0 |    418 |   1 |  457.0 |
               +--------+--------+--------+--------+--------+-----+--------+

Top non-repeatable levels by time:
     D:3: 1384 daAuts
     D:2: 945 daAuts
     D:1: 921 daAuts
     D:4: 891 daAuts
  Temple: 457 daAuts
     D:5: 24 daAuts
